 Dungeon Crawl Stone Soup version 0.30-a0-591-g3c58d2bc28 (webtiles) character file.

Game seed: 17047842453528372124

43545 demibob the Brawler (level 13, -3/117 HPs)
             Began as a Troll Chaos Knight on Jan 5, 2023.
             Was the Champion of Jiyva.
             Slain by a komodo dragon (shapeshifter) (8 damage)
             ... on level 13 of the Dungeon on Jan 6, 2023.
             The game lasted 00:25:58 (12624 turns).

demibob the Brawler (Troll Chaos Knight)           Turns: 12624, Time: 00:25:58

Health: -3/117     AC: 17    Str: 30    XL:     13   Next: 21%
Magic:  12/12      EV:  7    Int: 10    God:    Jiyva [******]
Gold:   146        SH: 15    Dex: 10    Spells: 12/12 levels left

rFire   + + .      SeeInvis +      - Unarmed
rCold   + . .      Faith    .    A - +0 kite shield
rNeg    + + .      Spirit   .    L - +4 fire dragon scales
rPois   +          Reflect  +    K - -2 hat of Piobug {rPois rN++ Int+4 Dex-2}
rElec   +          Harm     .    w - +0 cloak
rCorr   +          Rampage  .    (gloves unavailable)
Will    +....                    (boots unavailable) Stlth
                                 k - amulet of reflection
HPRegen 2.79/turn                c - ring of ice
MPRegen 0.63/turn                v - ring of see invisible

@: resistant
A: large, unfitting armour, claws 3, regeneration 1, shaggy fur 1, tough skin 1,
horns 1, iridescent scales 1, agile 1, strong-willed 1, poison resistance,
screaming 1, strong 1, translucent skin 3
}: 1/15 runes: slimy
a: Renounce Religion, Oozemancy, Slimify


You were on level 13 of the Dungeon.
You worshipped Jiyva.
Jiyva was exalted by your worship.
You visited 3 branches of the dungeon, and saw 23 of its levels.
You also visited: Sewer and Bailey.

You collected 1218 gold pieces.
You spent 1072 gold pieces at shops.


Innate Abilities, Weirdness & Mutations

You are too large for most types of armour.
You have claws for hands.
Your natural rate of healing is unusually fast.
You are covered in fur. (AC +1)
You have tough skin. (AC +1)
You have a pair of small horns on your head.
You are partially covered in iridescent scales. (AC +2)
You are agile. (Dex +4, Str/Int -1)
You are strong-willed. (Will+)
Your system is resistant to poisons. (rPois)
You occasionally shout uncontrollably at your foes.
Your muscles are strong. (Str +4, Int/Dex -1)
Your transparent skin significantly reduces your foes' accuracy. (Stealth+)


   Skills:
 - Level 4.4 Fighting
 - Level 3.6 Throwing
 * Level 5.3 Armour
 - Level 1.9 Dodging
 - Level 9.0 Shields
 - Level 18.4 Unarmed Combat


You had 12 spell levels left.
You didn't know any spells.
Your spell library contained the following spells:

 Spells                   Type           Power      Damage    Failure   Level
 Cigotuvi's Dreadful Rot  Necr/Pois/Air  0%         N/A       94%         2
 Ensorcelled Hibernation  Hex/Ice        0%         N/A       94%         2
 Passwall                 Tmut/Erth      0%         N/A       94%         2
 Call Canine Familiar     Summ           0%         N/A       99%         3
 Dazzling Flash           Conj/Hex       0%         N/A       99%         3
 Frozen Ramparts          Ice            0%         1d1       99%         3
 Inner Flame              Hex/Fire       0%         N/A       99%         3
 Portal Projectile        Hex/Tloc       0%         N/A       99%         3
 Swiftness                Air            0%         N/A       99%         3
 Dispel Undead            Necr           0%         3d6       100%        4
 Flame Wave               Conj/Fire      0%         2d4       100%        4
 Ice Form                 Ice/Tmut       0%         N/A       100%        4
 Iskenderun's Mystic Bla  Conj/Tloc      0%         2d3       100%        4
 Leda's Liquefaction      Hex/Erth       0%         N/A       100%        4
 Manifold Assault         Tloc           0%         N/A       100%        4
 Petrify                  Tmut/Erth      0%         N/A       100%        4
 Sticky Flame             Conj/Fire      0%         2d3       100%        4
 Summon Ice Beast         Ice/Summ       0%         N/A       100%        4
 Metabolic Englaciation   Hex/Ice        0%         N/A       100%        5
 Death Channel            Necr           0%         N/A       100%        6
 Dispersal                Tloc           0%         N/A       100%        6
 Starburst                Conj/Fire      0%         6d3       100%        6
 Statue Form              Tmut/Erth      0%         N/A       100%        6
 Disjunction              Tloc           0%         N/A       100%        8

Inventory:

Missiles
 a - a throwing net {=f}
 f - 3 poisoned darts
 r - 4 silver javelins
 F - 10 large rocks (quivered) {=f}
 J - 2 datura-tipped darts
Armour
 w - a +0 cloak (worn)
 A - a +0 kite shield (worn)
 K - the -2 hat of Piobug (worn) {rPois rN++ Int+4 Dex-2}
   (You found it on level 5 of the Pits of Slime)

   Int:       It affects your intelligence (+4).
   Dex:       It affects your dexterity (-2).
   rPois:     It protects you from poison.
   rN:        It greatly protects you from negative energy.
 L - +4 fire dragon scales (worn)
Jewellery
 c - a ring of ice (left claw)
 k - an amulet of reflection (around neck)
 l - an amulet of magic regeneration
 s - the ring "Nugrak" {rPois rN+}
   (You found it on level 5 of the Pits of Slime)

   [ring of poison resistance]

   rPois:     It protects you from poison.
   rN:        It protects you from negative energy.
 v - a ring of see invisible (right claw)
 C - a ring of ice
 I - a +6 ring of intelligence
 P - a ring of poison resistance
 W - a ring of willpower
Wands
 g - a wand of polymorph (11)
 m - a wand of paralysis (19)
 p - a wand of light (5)
 y - a wand of flame (14)
 D - a wand of digging (2)
 H - a wand of roots (2)
Scrolls
 h - 2 scrolls of immolation
 i - 5 scrolls of teleportation {@r2}
 n - 2 scrolls of magic mapping
 u - 3 scrolls of amnesia
 E - 3 scrolls of poison
 G - 2 scrolls of enchant weapon
Potions
 d - a potion of lignification
 e - 2 potions of brilliance
 j - 4 potions of curing {@q1}
 o - 3 potions of flight
 q - a potion of mutation
 t - 4 potions of resistance
 x - 2 potions of attraction
Miscellaneous
 b - a piece from Xom's chessboard (15/15)
 z - a lightning rod (2/4)

Dungeon Overview and Level Annotations

Branches:
Dungeon (13/15)            Temple (0/1) D:5            Lair (5/5) D:11
 Spider (0/4) Lair:3        Slime (5/5) Lair:5          Orc (0/2) D:11
  Sewer (visited)          Bailey (visited)
  Swamp: Lair:2-3    Shoals: Lair:2-3    Vaults: D:13-14

Altars:
Ashenzari
Gozag
Okawaru
Qazlal
Trog
Wu Jian
The Shining One
Jiyva

Shops:
D:9 *

Annotations:
D:6 1 runed translucent door, Crazy Yiuf
D:7 2 transporters, Newt's ghost, novice DsGl
D:9 exclusion: ice statue

▒....▒▒▒
▒.Q...!▒
▒.Deo..▒
▒▒▒c....:
..V.. ....
▒▒▒+▒▒▒ ...
▒▒§§§..▒▒
▒+
▒l@y...[▒
▒§§§§§....▒
▒..§.§.l..▒
+...c⌠.C..+
▒.uC......▒
▒.........▒
▒▒$.....(▒▒
▒▒.....▒▒
▒▒▒▒▒


You could see a brown ugly thing, a centaur warrior, a komodo dragon and a
vampire mosquito.


Message History

The six-headed hydra completely misses you.
The six-headed hydra bites you but does no damage.
You block the six-headed hydra's attack.
The deep elf knight casts a spell.
The deep elf knight seems to speed up.
You feel better.
Your surroundings suddenly seem different.
A vampire mosquito, a centaur warrior, a brown ugly thing, 2 cyclopes and 2 giant lizards come into view.
Found 2 poisoned darts, a ring mail, 30 gold pieces and 6 stones.
The basilisk hisses angrily.
The centaur warrior shouts!
The cyclops shouts!
The komodo dragon hisses angrily.
The centaur warrior wields a +0 shortbow.
The centaur warrior shoots an arrow.
The arrow hits you!
* * * LOW HITPOINT WARNING * * *
The vampire mosquito bites you but does no damage.
The centaur warrior shoots an arrow.
You reflect the arrow off an invisible shield around you!
The arrow hits the centaur warrior!
The cyclops throws a large rock.
The large rock hits you!!
* * * LOW HITPOINT WARNING * * *
Okay, then.
Enter note: lol dead
As you read the scroll of fog, it crumbles to dust.
The scroll dissolves into smoke.
The vampire mosquito bites you but does no damage.
You block the vampire mosquito's attack.
The komodo dragon hisses menacingly.
The komodo dragon bites you!
You die...
Xom cackles wildly!

Skill      XL: |  1  2  3  4  5  6  7  8  9 10 11 12 13 |
---------------+----------------------------------------+-----
Unarmed Combat | 4 5 6 7 9 11 13 14 16 18 | 18.4
Throwing       | 1 2 3 |  3.6
Shields        | 2 4 6 8 9 |  9.0
Fighting       | 4 |  4.4
Armour         | 3 5 |  5.3
Dodging        | |  1.9

Action                   |  1- 3 |  4- 6 |  7- 9 | 10-12 | 13-15 || total
-------------------------+-------+-------+-------+-------+-------++-------
Melee: Unarmed           |    96 |   111 |   223 |   651 |    38 ||  1119
       Punch             |     2 |     2 |     7 |       |       ||    11
       Headbutt          |       |       |       |     1 |     9 ||    10
Throw: Dart              |       |     2 |       |     1 |       ||     3
       Large rock        |       |       |       |     4 |       ||     4
Evoke: Wand              |       |       |       |     7 |       ||     7
       Lightning rod     |       |       |       |     4 |       ||     4
  Use: Scroll            |     8 |     1 |     8 |    17 |     4 ||    38
       Potion            |       |       |     6 |     6 |     3 ||    15
 Stab: Sleeping          |     1 |     1 |       |       |       ||     2
       Confused          |       |       |     1 |     1 |       ||     2
       Paralysed         |       |       |       |     2 |       ||     2
       Distracted        |       |       |       |     1 |       ||     1
Armor: Robe              |    40 |    56 |    47 |       |       ||   143
       Steam dragon scal |       |       |     2 |   162 |       ||   164
       Fire dragon scale |       |       |       |     5 |    22 ||    27
Dodge: Dodged            |    35 |    53 |    83 |   152 |     6 ||   329
Block: Other             |       |       |    19 |       |       ||    19
       Reflection        |       |       |     2 |     7 |     3 ||    12
       Kite shield       |       |       |    91 |   416 |    22 ||   529

Levels and vault maps discovered:
D:1:      dpeg_arrival_solitude, layout_basic
D:2:      layout_loops_ring
D:3:      layout_loops_ring, tgw_trog, grunt_decor_resistance
D:4:      layout_layer_cave, mainiacjoe_overflow_boulevard,
          nzn_wu_jian_council_hall, cheibrodos_sewer_entry_drain
D:5:      layout_loops_cross, minmay_temple_entry_from_below_a
D:6:      layout_rooms, mainiacjoe_overflow_alcove_2, uniq_crazy_yiuf_cottage
D:7:      layout_loops_ring, lemuel_crystal_altar, nzn_ghost_randoct,
          nicolae_grassy_gnolls
D:8:      layout_basic, mainiacjoe_overflow_tiny_flanked, uniq_amaemon
D:9:      layout_gridville, serial_shops, shop, minmay_misc_feat_enclosed,
          minivault_16
D:10:     layout_basic, mainiacjoe_overflow_alcove_4, enter_bailey_3
D:11:     layout_loops_corners, due_lair_maze_entry_diamond,
          minmay_increasing_density, uniq_maurice
D:12:     layout_roguey
D:13:     layout_roguey, serial_curves, eino_curves_04, eino_curves_02,
          nicolae_rejected_hall
Lair:1:   layout_chaotic_city, chequers_serial_rivers_micro_a
Lair:2:   layout_cave_pods, palyth_hydra_swamp_entry, serial_forest,
          infiniplex_forest_straight_1, infiniplex_forest_end_1,
          infiniplex_forest_lined_room_3, infiniplex_forest_lined_corner,
          infiniplex_forest_lined_4_way, infiniplex_forest_side_room,
          infiniplex_forest_clump_double, infiniplex_forest_corner_1
Lair:3:   layout_regular_city, hellmonk_spider_entry_not_the_bees,
          lemuel_fruit_tree
Lair:4:   layout_hall_layers, basic_altar, infiniplex_staircase_pool_2,
          serial_bayou_shore_a, grunt_megastairs_5
Lair:5:   gammafunk_lair_ancient_temple, layout_big_grid,
          nicolae_slime_entry_field_trip, minmay_shattered_shrine
Slime:1:  layout_caves
Slime:2:  layout_caves
Slime:3:  layout_caves
Slime:4:  layout_caves
Slime:5

Notes
Turn   | Place    | Note
-------+----------+-------------------------------------------
     0 | D:1      | demibob the Troll Chaos Knight began the quest for the Orb.
     0 | D:1      | Reached XP level 1. HP: 22/22 MP: 0/0
    78 | D:1      | XOM: silly message
   101 | D:1      | Reached XP level 2. HP: 29/29 MP: 1/1
   208 | D:1      | XOM: silly message
   233 | D:1      | Reached skill level 4 in Unarmed Combat
   315 | D:1      | XOM is BORED!
   315 | D:1      | XOM: silly message
   411 | D:1      | XOM is BORED!
   411 | D:1      | XOM: silly message
   711 | D:2      | XOM: potion effect (haste)
   811 | D:2      | Reached XP level 3. HP: 36/36 MP: 2/2
  1445 | D:3      | Reached XP level 4. HP: 44/44 MP: 3/3
  1447 | D:3      | XOM: 4-stop teleportation journey
  1654 | D:3      | Reached skill level 5 in Unarmed Combat
  1662 | D:3      | Reached skill level 1 in Throwing
  1663 | D:3      | Reached XP level 5. HP: 50/50 MP: 4/4
  1725 | D:3      | XOM: 1-stop teleportation journey
  1922 | D:3      | Noticed a moth of wrath
  1925 | D:3      | Found a bloodstained altar of Trog.
  1960 | D:3      | XOM: give mutations
  1960 | D:3      | Gained mutation: Your mind is acute. (Int +4, Str/Dex -1)
                  | [Xom's grace]
  1960 | D:3      | Gained mutation: You are agile. (Dex +4, Str/Int -1) [Xom's
                  | grace]
  2032 | D:4      | Reached skill level 6 in Unarmed Combat
  2037 | D:4      | Found an iron altar of Okawaru.
  2040 | D:4      | Noticed a black bear
  2043 | D:4      | XOM: divination: magic mapping
  2052 | D:4      | Killed a black bear
  2053 | D:4      | Reached skill level 2 in Throwing
  2053 | D:4      | Reached XP level 6. HP: 44/59 MP: 5/5
  2148 | D:4      | Found a glowing drain.
  2167 | Sewer    | Entered a sewer
  2270 | Sewer    | an endoplasm changed into a shapeshifter
  2270 | Sewer    | Noticed a shapeshifter (shapeshifter)
  2270 | Sewer    | XOM: polymorph endoplasm -> shapeshifter
  2270 | Sewer    | a shapeshifter changed into a golden eye
  2270 | Sewer    | Noticed a golden eye (shapeshifter)
  2277 | Sewer    | XOM: cast spell 'Summon Dragon'
  2280 | Sewer    | Killed a golden eye
  2281 | Sewer    | Reached skill level 3 in Throwing
  2281 | Sewer    | Reached skill level 7 in Unarmed Combat
  2286 | Sewer    | Reached XP level 7. HP: 66/66 MP: 6/6
  2353 | Sewer    | XOM: polymorph fire dragon -> six-headed hydra
  2496 | Sewer    | Found a viscous altar of Jiyva.
  2718 | Sewer    | Fell from the grace of Xom
  2718 | Sewer    | Became a worshipper of Jiyva Joitoidu the Shapeless
  3147 | D:4      | Found an ornate altar of the Wu Jian Council.
  3251 | D:4      | Reached * piety under Jiyva
  3286 | D:5      | Entered Level 5 of the Dungeon
  3417 | D:5      | XOM: cloud trail
  3628 | D:5      | Reached ** piety under Jiyva
  3658 | D:5      | Found a staircase to the Ecumenical Temple.
  3841 | D:5      | Reached skill level 8 in Unarmed Combat
  4079 | D:6      | Reached *** piety under Jiyva
  4089 | D:6      | Found a runed translucent door.
  4090 | D:6      | Noticed Crazy Yiuf
  4171 | D:6      | XOM: noise
  4185 | D:6      | Found an opulent altar of Gozag.
  4494 | D:6      | XOM: polymorph jelly -> river rat
  4560 | D:7      | Found a transporter.
  4565 | D:7      | Noticed a white ugly thing
  4566 | D:7      | Noticed Newt's ghost (novice DsGl)
  4577 | D:7      | Reached skill level 9 in Unarmed Combat
  4577 | D:7      | Reached XP level 8. HP: 72/74 MP: 7/7
  4580 | D:7      | Gained mutation: You have a small jelly attached to you
                  | that senses nearby items. [Jiyva's grace]
  4580 | D:7      | Gained mutation: Your muscles are strong. (Str +4, Int/Dex
                  | -1) [Jiyva's grace]
  4580 | D:7      | Gained mutation: Your muscles are very strong. (Str +8,
                  | Int/Dex -2) [Jiyva's grace]
  4580 | D:7      | Gained mutation: You are somewhat resistant to further
                  | mutation. [Jiyva's grace]
  4625 | D:7      | Reached skill level 10 in Unarmed Combat
  4788 | D:7      | Found a broken altar of Ashenzari.
  4851 | D:7      | a jelly changed into a glowing shapeshifter
  4851 | D:7      | Noticed a glowing shapeshifter (glowing shapeshifter)
  4851 | D:7      | XOM: polymorph jelly -> glowing shapeshifter
  4866 | D:7      | Reached skill level 11 in Unarmed Combat
  4962 | D:7      | Found a transporter.
  4964 | D:7      | Noticed a boulder beetle
  4969 | D:7      | Reached skill level 1 in Shields
  5114 | D:7      | Reached **** piety under Jiyva
  5200 | D:8      | Noticed Amaemon
  5200 | D:8      | Noticed an orange demon
  5215 | D:8      | Killed Amaemon
  5216 | D:8      | Reached skill level 2 in Shields
  5216 | D:8      | Reached XP level 9. HP: 33/80 MP: 8/8
  5217 | D:8      | Killed an orange demon
  5218 | D:8      | Reached skill level 3 in Shields
  5218 | D:8      | Reached skill level 12 in Unarmed Combat
  5288 | D:8      | Found a glowing golden altar of the Shining One.
  5597 | D:8      | Reached ***** piety under Jiyva
  5756 | D:8      | Reached skill level 4 in Shields
  6305 | D:9      | Found Tatrip's General Store.
  6339 | D:9      | Lost mutation: You are somewhat resistant to further
                  | mutation. [Jiyva's grace]
  6339 | D:9      | Lost mutation: You have a small jelly attached to you that
                  | senses nearby items. [Jiyva's grace]
  6339 | D:9      | Gained mutation: You have a pair of small antennae on your
                  | head. [Jiyva's grace]
  6339 | D:9      | Gained mutation: You have a pair of antennae on your head.
                  | [Jiyva's grace]
  6339 | D:9      | Gained mutation: You have a pair of large antennae on your
                  | head. (SInv) [Jiyva's grace]
  6339 | D:9      | Gained mutation: Your body has grown eyes which may confuse
                  | attackers. (Acc +3) [Jiyva's grace]
  6348 | D:9      | Reached skill level 13 in Unarmed Combat
  6348 | D:9      | Reached XP level 10. HP: 73/88 MP: 9/9
  6490 | D:9      | Reached skill level 5 in Shields
  6520 | D:9      | Noticed an ice statue
  6681 | D:10     | Entered Level 10 of the Dungeon
  6803 | D:10     | Found a flagged portal.
  6821 | Bailey   | Entered a bailey
  6872 | Bailey   | Noticed an orc knight
  6878 | Bailey   | Killed an orc knight
  6895 | Bailey   | Noticed an orc knight
  6902 | Bailey   | Killed an orc knight
  6903 | Bailey   | Reached skill level 14 in Unarmed Combat
  6946 | Bailey   | Noticed an orc knight
  6957 | Bailey   | Killed an orc knight
  6958 | Bailey   | Reached skill level 6 in Shields
  6968 | Bailey   | Acquired 305 gold pieces
  7035 | Bailey   | Noticed an orc sorcerer
  7046 | Bailey   | Killed an orc sorcerer
  7049 | Bailey   | Found an iron altar of Okawaru.
  7064 | Bailey   | Identified the +9 hand axe "Gametuq" {flame, Int+3 SInv}
  7140 | Bailey   | XOM: noise
  7150 | Bailey   | Reached XP level 11. HP: 94/94 MP: 10/10
  7472 | D:10     | Lost mutation: Your mind is acute. (Int +4, Str/Dex -1)
                  | [potion of mutation]
  7472 | D:10     | Lost mutation: You are agile. (Dex +4, Str/Int -1) [potion
                  | of mutation]
  7472 | D:10     | Lost mutation: You have a pair of large antennae on your
                  | head. (SInv) [potion of mutation]
  7472 | D:10     | Gained mutation: You have hidden genetic defects. [potion
                  | of mutation]
  7472 | D:10     | Lost mutation: Your body has grown eyes which may confuse
                  | attackers. (Acc +3) [potion of mutation]
  7472 | D:10     | Gained mutation: You have terrible hidden genetic defects.
                  | [potion of mutation]
  7472 | D:10     | Gained mutation: You expend magic power (3 MP) to
                  | strengthen your wands. [potion of mutation]
  7480 | D:10     | Reached skill level 15 in Unarmed Combat
  7557 | D:10     | XOM: enchant monster (bad)
  7570 | D:10     | Reached skill level 7 in Shields
  7699 | D:10     | Gained mutation: Armour fits poorly on your strangely
                  | shaped body. [hidden defects]
  8010 | D:10     | XOM: give mutation
  8010 | D:10     | Gained mutation: Your mind is acute. (Int +4, Str/Dex -1)
                  | [Xom's grace]
  8053 | D:10     | Found a stormy altar of Qazlal.
  8198 | D:11     | Found a staircase to the Orcish Mines.
  8265 | D:11     | Found a staircase to the Lair.
  8319 | D:11     | Reached skill level 16 in Unarmed Combat
  8337 | D:11     | Lost mutation: Your mind is acute. (Int +4, Str/Dex -1)
                  | [hidden defects]
  8337 | D:11     | Lost mutation: You have terrible hidden genetic defects.
                  | [hidden defects expressed]
  8423 | D:11     | Reached skill level 8 in Shields
  8440 | D:11     | Noticed a sun demon
  8683 | D:11     | Noticed Maurice
  8691 | D:11     | Killed Maurice
  8708 | D:11     | Identified the +1 robe of Vifraf {Str-4 Stlth+ Archmagi}
  8742 | D:11     | Gained mutation: Your body sometimes deteriorates upon
                  | taking damage. [hidden defects]
  8767 | D:11     | Noticed a cyan ugly thing
  8813 | Lair:1   | Entered Level 1 of the Lair of Beasts
  8821 | Lair:1   | Reached ****** piety under Jiyva
  8821 | Lair:1   | Lost mutation: You have a pair of antennae on your head.
                  | [Jiyva's grace]
  8821 | Lair:1   | Lost mutation: Armour fits poorly on your strangely shaped
                  | body. [Jiyva's grace]
  8821 | Lair:1   | Lost mutation: Your body sometimes deteriorates upon taking
                  | damage. [Jiyva's grace]
  8821 | Lair:1   | Lost mutation: Your muscles are very strong. (Str +8,
                  | Int/Dex -2) [Jiyva's grace]
  8821 | Lair:1   | Lost mutation: You have hidden genetic defects. [Jiyva's
                  | grace]
  8821 | Lair:1   | Gained mutation: You are covered in slimy tendrils that may
                  | disarm your opponents. [Jiyva's grace]
  8821 | Lair:1   | Gained mutation: Your mind is acute. (Int +4, Str/Dex -1)
                  | [Jiyva's grace]
  8821 | Lair:1   | Gained mutation: Your mind is very acute. (Int +8, Str/Dex
                  | -2) [Jiyva's grace]
  8821 | Lair:1   | Gained mutation: You are strong-willed. (Will+) [Jiyva's
                  | grace]
  8931 | Lair:1   | Reached XP level 12. HP: 104/104 MP: 11/11
  8933 | Lair:1   | XOM: summons friendly iron imp
  9047 | Lair:1   | Noticed a catoblepas
  9066 | Lair:1   | Killed a catoblepas
  9116 | Lair:1   | XOM: summons 11 hostile demons
  9493 | Lair:1   | Identified 4 potions of resistance
  9580 | Lair:2   | Noticed a five-headed hydra
  9601 | Lair:2   | Killed a 12-headed hydra
  9602 | Lair:2   | Reached skill level 3 in Fighting
  9602 | Lair:2   | Reached skill level 17 in Unarmed Combat
  9648 | Lair:2   | XOM: give mutations
  9648 | Lair:2   | Gained mutation: You occasionally shout uncontrollably at
                  | your foes. [Xom's mischief]
  9648 | Lair:2   | Gained mutation: You are occasionally teleported next to
                  | monsters. [Xom's mischief]
  9727 | Lair:2   | XOM: polymorph cane toad -> wind drake
  9737 | Lair:2   | Reached skill level 9 in Shields
 10000 | Lair:2   | XOM: give mutation
 10000 | Lair:2   | Lost mutation: You have a pair of small antennae on your
                  | head. [Xom's mischief]
 10023 | Lair:2   | Noticed an eight-headed hydra
 10097 | Lair:2   | Reached skill level 4 in Fighting
 10292 | Lair:3   | Lost mutation: You are occasionally teleported next to
                  | monsters. [Jiyva's grace]
 10292 | Lair:3   | Lost mutation: You are covered in slimy tendrils that may
                  | disarm your opponents. [Jiyva's grace]
 10292 | Lair:3   | Lost mutation: You expend magic power (3 MP) to strengthen
                  | your wands. [Jiyva's grace]
 10292 | Lair:3   | Gained mutation: You are agile. (Dex +4, Str/Int -1)
                  | [Jiyva's grace]
 10292 | Lair:3   | Gained mutation: You are very agile. (Dex +8, Str/Int -2)
                  | [Jiyva's grace]
 10292 | Lair:3   | Gained mutation: Your system is resistant to poisons.
                  | (rPois) [Jiyva's grace]
 10292 | Lair:3   | Gained mutation: You are partially covered in iridescent
                  | scales. (AC +2) [Jiyva's grace]
 10324 | Lair:3   | Found a hole to the Spider Nest.
 10335 | Lair:4   | Found a bloodstained altar of Trog.
 10422 | Lair:4   | Noticed an eight-headed hydra
 10449 | Lair:4   | Killed an eight-headed hydra
 10450 | Lair:4   | Reached skill level 1 in Armour
 10450 | Lair:4   | Reached skill level 18 in Unarmed Combat
 10858 | Lair:4   | Reached skill level 2 in Armour
 10900 | Lair:4   | Identified the +4 scale mail of Lugonu's Condemnation
                  | {Drain Int+4 SInv}
 11111 | Lair:5   | Entered Level 5 of the Lair of Beasts
 11140 | Lair:5   | Found a staircase to the Slime Pits.
 11154 | Slime:1  | Entered Level 1 of the Pits of Slime
 11154 | Slime:1  | Noticed an azure jelly
 11162 | Slime:1  | Noticed an acid blob
 11170 | Slime:3  | Noticed an acid blob
 11170 | Slime:3  | Noticed a great orb of eyes
 11183 | Slime:5  | Entered Level 5 of the Pits of Slime
 11183 | Slime:5  | Noticed an acid blob
 11189 | Slime:5  | Noticed a rockslime
 11191 | Slime:5  | Noticed an acid blob
 11192 | Slime:5  | Noticed an acid blob
 11202 | Slime:5  | Found a viscous altar of Jiyva.
 11202 | Slime:5  | Noticed a quicksilver ooze
 11203 | Slime:5  | Noticed an acid blob
 11203 | Slime:5  | Noticed an acid blob
 11204 | Slime:5  | Noticed an azure jelly
 11204 | Slime:5  | Noticed a quicksilver ooze
 11205 | Slime:5  | Noticed an acid blob
 11205 | Slime:5  | Noticed a quicksilver ooze
 11205 | Slime:5  | Noticed an acid blob
 11205 | Slime:5  | Noticed an acid blob
 11207 | Slime:5  | Noticed a rockslime
 11207 | Slime:5  | Noticed a great orb of eyes
 11210 | Slime:5  | Identified the ring "Nugrak" {rPois rN+}
 11212 | Slime:5  | Identified the -2 hat of Piobug {rPois rN++ Int+4 Dex-2}
 11215 | Slime:5  | Noticed a quicksilver ooze
 11225 | Slime:5  | Got a slimy rune of Zot
 11227 | Slime:5  | Identified the +7 broad axe of Inflation {spect, rPois rN+
                  | Str+4}
 11244 | Slime:5  | Noticed an azure jelly
 11244 | Slime:5  | Noticed a great orb of eyes
 11244 | Slime:5  | XOM: 1-stop teleportation journey
 11260 | Slime:5  | Noticed a rockslime
 11272 | Slime:3  | Noticed an acid blob
 11458 | D:9      | Bought +1 fire dragon scales for 1072 gold pieces
 11704 | D:11     | XOM: give mutations
 11704 | D:11     | Gained mutation: Your body sometimes deteriorates upon
                  | taking damage. [Xom's mischief]
 11704 | D:11     | Lost mutation: You are very agile. (Dex +8, Str/Int -2)
                  | [Xom's mischief]
 11779 | D:11     | Lost mutation: Your mind is very acute. (Int +8, Str/Dex
                  | -2) [Jiyva's grace]
 11779 | D:11     | Lost mutation: Your mind is acute. (Int +4, Str/Dex -1)
                  | [Jiyva's grace]
 11779 | D:11     | Lost mutation: Your body sometimes deteriorates upon taking
                  | damage. [Jiyva's grace]
 11779 | D:11     | Gained mutation: Your translucent skin slightly reduces
                  | your foes' accuracy. (Stealth+) [Jiyva's grace]
 11779 | D:11     | Gained mutation: Your translucent skin reduces your foes'
                  | accuracy. (Stealth+) [Jiyva's grace]
 11779 | D:11     | Gained mutation: Your transparent skin significantly
                  | reduces your foes' accuracy. (Stealth+) [Jiyva's grace]
 11779 | D:11     | Gained mutation: You have a pair of small horns on your
                  | head. [Jiyva's grace]
 12001 | D:12     | XOM: stat loss: -3 Str (27/30)
 12088 | D:12     | Reached skill level 3 in Armour
 12088 | D:12     | Reached XP level 13. HP: 111/117 MP: 12/12
 12372 | D:12     | Reached skill level 4 in Armour
 12606 | D:13     | Noticed an ettin
 12606 | D:13     | Noticed a fire giant
 12606 | D:13     | Noticed an ettin
 12619 | D:13     | Killed a fire giant
 12619 | D:13     | Noticed an ettin
 12620 | D:13     | Reached skill level 5 in Armour
 12623 | D:13     | HP: 3/117 [cyclops/large rock (24)]
 12624 | D:13     | >>lol dead
 12624 | D:13     | Slain by a komodo dragon (shapeshifter)

Vanquished Creatures
  A fire giant (D:13)
  2 hydras
  2 boulder beetles
  A catoblepas (Lair:1)
  A centaur warrior (D:13)
  Amaemon (D:8)
  3 orc knights (Bailey)
  3 cyclopes (D:11)
  An orc sorcerer (Bailey)
  A manticore (D:12)
  A deep elf pyromancer (D:13)
  An ugly thing (D:11)
  9 elephants
  A black mamba (Lair:4)
  Maurice (D:11)
  An orange demon (D:8)
  5 cane toads
  2 gargoyles
  10 komodo dragons
  2 kobold demonologists
  A troll (D:12)
  A hornet (D:9)
  2 polar bears
  A wind drake (Lair:2)
  4 blink frogs (Lair:2)
  A wyvern (D:10)
  A vampire (D:10)
  13 yaks
  A shadow (D:10)
  3 wraiths
  A basilisk (Lair:5)
  A steam dragon (D:9)
  7 vampire mosquitoes
  8 water moccasins
  2 ice beasts
  15 orc warriors
  3 black bears
  2 centaurs
  4 wolves (Lair:2)
  An ogre (D:7)
  5 bullfrogs
  2 scorpions
  4 gnoll sergeants
  5 wights (D:7)
  17 killer bees
  2 howler monkeys
  6 electric eels
  An orc priest (D:10)
  3 hounds
  A jelly (Sewer)
  A gnoll bouda (D:9)
  11 orc wizards
  2 iguanas
  23 gnolls
  A river rat (Sewer)
  8 adders
  3 shadow imps
  An ufetubus (D:7)
  4 worms
  26 orcs
  10 ball pythons
  12 endoplasms
  6 giant cockroaches
  17 goblins
  8 hobgoblins
  2 jackals (D:1)
  9 kobolds
  2 quokkas (D:2)
  6 bats
  5 frilled lizards
  8 rats
  A bush (Lair:2)
333 creatures vanquished.

Vanquished Creatures (collateral kills)
  A lindwurm (Lair:5)
  A komodo dragon (Lair:5)
  A golden eye (shapeshifter) (Sewer)
  2 jellies (Sewer)
  2 worms (Sewer)
  2 ball pythons (Sewer)
  2 endoplasms (Sewer)
  A giant cockroach (Sewer)
  A frilled lizard (Sewer)
13 creatures vanquished.

Vanquished Creatures (others)
  A wyvern (D:7)
  A water moccasin (Lair:4)
  An orc warrior (Bailey)
  An ogre (D:6)
  A centaur (D:12)
  A phantom (D:6)
  A bullfrog (D:11)
  A scorpion (D:5)
  A hound (D:5)
  41 jellies
  An iguana (D:7)
  2 orc wizards
  An adder (D:5)
  A gnoll (D:7)
  8 orcs
  A hobgoblin (D:4)
  A ball python (D:4)
  56 fungi
  123 plants
244 creatures vanquished.

Grand Total: 590 creatures vanquished

Table legend: (Time is in decaauts)
 A = Elapsed time spent in this place.
 B = Non-inter-level travel time spent in this place.
 C = Inter-level travel time spent in this place.
 D = Time resting spent in this place.
 E = Time spent auto-exploring this place.
 F = Levels seen in this place.
 G = Mean time per level.
                   A        B        C        D        E       F      G
               +--------+--------+--------+--------+--------+-----+--------+
         Total |  12426 |  11552 |    874 |    405 |   8526 |  25 |  497.0 |
       Dungeon |   8843 |   8180 |    663 |     80 |   6550 |  13 |  680.2 |
          Lair |   2368 |   2215 |    153 |      5 |   1633 |   5 |  473.6 |
    Slime Pits |    134 |     76 |     58 |      0 |      0 |   5 |   26.8 |
         Sewer |    561 |    561 |      0 |    315 |     95 |   1 |  561.0 |
        Bailey |    519 |    519 |      0 |      5 |    247 |   1 |  519.0 |
               +--------+--------+--------+--------+--------+-----+--------+

Top non-repeatable levels by time:
    D:11: 1052 daAuts
    D:10: 979 daAuts
     D:8: 909 daAuts
  Lair:4: 793 daAuts
  Lair:1: 724 daAuts
     D:3: 715 daAuts
    D:12: 677 daAuts
     D:1: 664 daAuts
     D:4: 664 daAuts
     D:6: 661 daAuts
     D:2: 636 daAuts
     D:9: 635 daAuts
  Lair:2: 607 daAuts
     D:5: 605 daAuts
     D:7: 595 daAuts

Table legend:
 A = Non-vault XP
 B = Vault XP
 C = Vault XP percentage of total XP
 D = Non-vault monster count
 E = Vault monster count
 F = Vault count percentage of total count
                 A         B        C        D         E       F
            +---------+---------+-------+---------+---------+-------
      Total |   29377 |   14260 |  32.7 |     236 |     109 |  31.6
            +---------+---------+-------+---------+---------+-------
        D:1 |      36 |       0 |   0.0 |      23 |       0 |   0.0
        D:2 |      43 |       0 |   0.0 |      14 |       0 |   0.0
        D:3 |     130 |       3 |   2.3 |      18 |       3 |  14.3
        D:4 |     325 |       7 |   2.1 |      12 |       2 |  14.3
        D:5 |     238 |       0 |   0.0 |      12 |       0 |   0.0
        D:6 |     212 |       0 |   0.0 |       6 |       0 |   0.0
        D:7 |    1023 |     248 |  19.5 |      20 |       7 |  25.9
        D:8 |     831 |    1214 |  59.4 |      20 |       2 |   9.1
        D:9 |    1636 |       0 |   0.0 |      16 |       0 |   0.0
       D:10 |    3728 |       8 |   0.2 |      29 |       4 |  12.1
       D:11 |    2883 |    3332 |  53.6 |      17 |      18 |  51.4
       D:12 |    2418 |       0 |   0.0 |       6 |       0 |   0.0
       D:13 |       0 |    3531 | 100.0 |       0 |       5 | 100.0
     Lair:1 |    3880 |       0 |   0.0 |       9 |       0 |   0.0
     Lair:2 |    6736 |     361 |   5.1 |      20 |       1 |   4.8
     Lair:3 |     463 |       0 |   0.0 |       2 |       0 |   0.0
     Lair:4 |    3168 |     529 |  14.3 |       8 |       2 |  20.0
     Lair:5 |    1627 |       0 |   0.0 |       4 |       0 |   0.0
      Sewer |       0 |     417 | 100.0 |       0 |      27 | 100.0
     Bailey |       0 |    4610 | 100.0 |       0 |      38 | 100.0
            +---------+---------+-------+---------+---------+-------
